 Dungeon Crawl Stone Soup version 0.31.0-4-g52a2dc7128 (webtiles) character file.

Game seed: 8925713790633040861

1183 GordonOverkill the Chiller (level 8, 0/21 (48) HPs)
             Began as a Kobold Reaver on Jan 22, 2024.
             Was an Initiate of Vehumet.
             Killed by divine providence
             ... invoked by Jeremiah
              (16 damage)
             ... on level 6 of the Dungeon on Jan 23, 2024.
             The game lasted 00:11:27 (6402 turns).

GordonOverkill the Chiller (Kobold Reaver)          Turns: 6402, Time: 00:11:28

HP:   0/21 (48)     AC:  8    Str:  9    XL:     8   Next: 70%
MP:   10/14         EV: 14    Int: 16    God:    Vehumet [......]
Gold: 217           SH:  0    Dex: 14    Spells: 11/15 levels left

rFire   . . .        h - +0 dagger (venom)
rCold   + . .        (no shield)
rNeg    . . .        b - +0 leather armour
rPois   .            n - +1 helmet
rElec   .            v - +1 cloak
rCorr   .            i - +0 pair of gloves
SInv    .            (no boots)
Will    .....        e - amulet of regeneration
Stlth   ++           g - ring of protection from cold
HPRegen 1.03/turn    (no ring)
MPRegen 0.14/turn

%: no passive effects
@: very slightly contaminated, extremely drained
A: small, no large weapons, nightstalker 3
a: Renounce Religion


You were on level 6 of the Dungeon.
You worshipped Vehumet.
Vehumet was noncommittal.
You visited 2 branches of the dungeon, and saw 7 of its levels.

You collected 217 gold pieces.

Inventory:

Hand Weapons
 h - a +0 dagger of venom (weapon)
 l - the +4 whip of Destruction {freeze, rCorr}
   (You found it on level 2 of the Dungeon)

   rCorr:     It protects you from acid and corrosion.
 m - a +0 vampiric short sword
Armour
 b - a +0 leather armour (worn)
 i - a +0 pair of gloves (worn)
 n - a +1 helmet (worn)
 v - a +1 cloak (worn)
Magical Staves
 r - a staff of cold
Jewellery
 e - an amulet of regeneration (around neck)
 g - a ring of protection from cold (left hand)
Wands
 p - a wand of polymorph (9)
 B - a wand of acid (7)
Scrolls
 c - a scroll of fog {unknown}
 j - 2 scrolls of blinking {unknown}
 k - 2 scrolls of teleportation {unknown}
 o - 3 scrolls of identify
 s - 2 scrolls of enchant armour {unknown}
 u - a scroll of poison {unknown}
 w - a scroll of amnesia {unknown}
 x - a scroll of enchant weapon {unknown}
 y - a scroll of immolation {unknown}
 z - a scroll of acquirement {unknown}
Potions
 a - 3 potions of enlightenment
 d - 2 potions of haste
 f - a potion of heal wounds
 q - a potion of invisibility {unknown}
 t - a potion of brilliance {unknown}
 A - a potion of berserk rage {unknown}
 C - a potion of mutation {unknown}


   Skills:
 - Level 4.0 Fighting
 - Level 4.0 Short Blades
 - Level 2.4 Dodging
 - Level 4.0 Spellcasting
 - Level 6.0 Conjurations
 + Level 6.7 Ice Magic


You had 11 spell levels left.
You knew the following spells:

 Your Spells              Type           Power      Damage    Failure   Level
a - Kiss of Death         Conj/Necr      48%        2d9       7%          1
b - Hailstorm             Conj/Ice       23%        3d7       5%          3

Your spell library contained the following spells:

 Spells                   Type           Power      Damage    Failure   Level
 Momentum Strike          Conj/Tloc      24%        3d8       11%         2
 Summon Ice Beast         Ice/Summ       14%        N/A       19%         3
 Sculpt Simulacrum        Ice/Alch       7%         N/A       100%        6


Dungeon Overview and Level Annotations

Branches:
Dungeon (6/15)             Temple (1/1) D:6

Altars:
Ashenzari
Cheibriados
Dithmenos
Gozag
Kikubaaqudgha
Okawaru
Qazlal
Sif Muna
Trog
Uskayaw
Vehumet
Yredelemnul
Zin

Annotations:
D:6 Jeremiah


Innate Abilities, Weirdness & Mutations

You are small and have problems with some larger weapons.
You are completely attuned to the shadows.


Message History

The negative energy hits Jeremiah!
Jeremiah is drained!
Jeremiah is moderately wounded.
You feel drained.
Jeremiah hits you with a +4 trident of draining!
* * * LOW HITPOINT WARNING * * *
You feel drained.
* * * LOW HITPOINT WARNING * * *
Casting: Kiss of Death (safe; 7% risk of failure)
Confirm with . or Enter, or press ? or * to list all spells.
Aiming: Kiss of Death (safe; 7% risk of failure)
Press: ? - help, Shift-Dir - straight line, f/p - Jeremiah
Aim: Jeremiah, wielding a +4 trident of draining, wearing a +0 robe and wearing an orb of mayhem (moderately wounded, lightly drained, 100% to hit)
The negative energy hits Jeremiah!
Jeremiah is drained!
Jeremiah is heavily wounded.
You feel drained. Jeremiah misses you.
Casting: Kiss of Death (safe; 7% risk of failure)
Confirm with . or Enter, or press ? or * to list all spells.
Aiming: Kiss of Death (safe; 7% risk of failure)
Press: ? - help, Shift-Dir - straight line, f/p - Jeremiah
Aim: Jeremiah, wielding a +4 trident of draining, wearing a +0 robe and wearing an orb of mayhem (heavily wounded, lightly drained, 100% to hit)
You miscast Kiss of Death.
You are very lightly contaminated with residual magic.
Nothing appears to happen.
Jeremiah hits you with a +4 trident of draining!
* * * LOW HITPOINT WARNING * * *
You feel drained.
* * * LOW HITPOINT WARNING * * *
Casting: Kiss of Death (safe; 7% risk of failure)
Confirm with . or Enter, or press ? or * to list all spells.
Aiming: Kiss of Death (safe; 7% risk of failure)
Press: ? - help, Shift-Dir - straight line, f/p - Jeremiah
Aim: Jeremiah, wielding a +4 trident of draining, wearing a +0 robe and wearing an orb of mayhem (heavily wounded, lightly drained, 100% to hit)
The negative energy hits Jeremiah!
Jeremiah is drained!
Jeremiah is severely wounded.
You feel drained.
Jeremiah mumbles a slurred invocation.
Something smites you!
Ouch! That really hurt!
You die...
Jeremiah wails, "I didn't mean to kill anyone!
I'm not a murderer!"

#..# #..# #..#
#..######### #
#........... #.
#.#####<....
##.#.############
#........b.b@Fbbb
####.##..########
.......#
#.#.#...#
#...#...# #...#


You could see Jeremiah (drained).

Vanquished Creatures
  A water moccasin (D:6)
  An ogre (D:4)
  A phantom (D:4)
  2 scorpions
  3 bombardier beetles
  A howler monkey (D:5)
  3 hounds
  3 orc priests (D:5)
  A gnoll bouda (D:4)
  3 iguanas
  Ijyb (D:3)
  An orc wizard (D:5)
  11 gnolls
  11 adders
  A white imp (D:5)
  2 ribbon worms (D:3)
  3 dart slugs
  14 orcs
  3 ball pythons
  7 endoplasms
  2 giant cockroaches
  11 goblins
  14 hobgoblins
  4 jackals
  3 quokkas
  11 bats
  2 frilled lizards
  3 kobolds (D:1)
  4 rats
  A butterfly (D:1)
128 creatures vanquished.

Notes
Turn   | Place    | Note
-------+----------+-------------------------------------------
     0 | D:1      | GordonOverkill the Kobold Reaver began the quest for the
                  | Orb.
     0 | D:1      | Reached XP level 1. HP: 12/12 MP: 3/3
   186 | D:1      | Reached XP level 2. HP: 15/18 MP: 5/5
   708 | D:1      | Reached XP level 3. HP: 17/23 MP: 7/7
  1408 | D:2      | Identified the +4 whip of Destruction {freeze, rCorr}
  1550 | D:2      | Reached XP level 4. HP: 28/28 MP: 8/8
  2158 | D:3      | Reached XP level 5. HP: 32/32 MP: 9/9
  2598 | D:3      | Noticed Ijyb
  2621 | D:3      | Killed Ijyb
  2622 | D:3      | Reached skill level 5 in Conjurations
  2622 | D:3      | Reached skill level 1 in Ice Magic
  2976 | D:4      | Learned a level 3 spell: Hailstorm
  3230 | D:4      | Reached XP level 6. HP: 37/37 MP: 6/10
  3837 | D:4      | Reached XP level 7. HP: 26/41 MP: 6/11
  3938 | D:4      | Reached skill level 5 in Ice Magic
  4384 | D:5      | Entered Level 5 of the Dungeon
  4652 | D:5      | Reached XP level 8. HP: 27/46 MP: 14/14
  5006 | D:5      | Found a basalt altar of Yredelemnul.
  5035 | D:5      | Found an iron altar of Okawaru.
  5922 | D:5      | Found a bloodstained altar of Trog.
  6137 | D:6      | Found a staircase to the Ecumenical Temple.
  6276 | Temple   | Entered the Ecumenical Temple
  6289 | Temple   | Became a worshipper of Vehumet
  6395 | D:6      | Noticed Jeremiah
  6402 | D:6      | Killed from afar by Jeremiah

Illustrated notes

Levels and vault maps discovered:
D:1:      spicycebolla_arrival_clurvy, layout_basic
D:2:      layout_loops_ring, minmay_misc_feat_hallway
D:3:      layout_basic, serial_park_tiny_2, interstate_on_off, uniq_ijyb
D:4:      layout_basic, minmay_misc_feat_roman, saegor_snake_ambush
D:5:      layout_basic, trog_hazing_becter, mainiacjoe_overflow_divided_tiny
D:6:      layout_basic, minmay_temple_entry_grid, uniq_jeremiah
Temple:   eino_wide_crystal_templ

Skill      XL: |  1  2  3  4  5  6  7  8 |
---------------+-------------------------+-----
Fighting       | 3 4 |  4.0
Spellcasting   | 3 4 |  4.0
Conjurations   | 4 5 6 |  6.0
Ice Magic      | 2 4 5 6 |  6.7
Short Blades   | |  4.0
Dodging        | |  2.4

Action                     |  1- 3 |  4- 6 |  7- 9 || total
---------------------------+-------+-------+-------++-------
  Melee: Short sword       |    89 |       |       ||    89
         Dagger            |    50 |   131 |   113 ||   294
         Punch             |     1 |     1 |     2 ||     4
         Unarmed           |       |     5 |       ||     5
   Cast: Hailstorm         |       |     8 |    29 ||    37
         Kiss of Death     |       |       |     5 ||     5
    Use: Scroll            |       |     4 |       ||     4
         Potion            |       |     1 |     1 ||     2
   Stab: Sleeping          |     5 |    10 |     5 ||    20
         Distracted        |     1 |       |       ||     1
 Armour: Leather armour    |    52 |    40 |    76 ||   168
         Skin              |       |     3 |       ||     3
  Dodge: Dodged            |   106 |    69 |    72 ||   247
